 Dungeon Crawl Stone Soup version 0.23.2-30-g0e89c35649 (webtiles) character file.

Game seed: 16113433349439999698

376 teukkam the Covered (level 6, -2/56 HPs)
             Began as a Minotaur Fighter on June 19, 2019.
             Was a Priest of Zin.
             Slain by an ogre
             ... wielding a +0 giant club
              (26 damage)
             ... on level 4 of the Dungeon on June 20, 2019.
             The game lasted 00:09:57 (2994 turns).

teukkam the Covered (Minotaur Fighter)              Turns: 2994, Time: 00:09:57

Health: -2/56      AC:  7    Str: 22    XL:     6   Next: 44%
Magic:  5/5        EV:  7    Int:  5    God:    Zin [***...]
Gold:   268        SH: 10    Dex: 10    Spells: 5/5 levels left

rFire    . . .     SeeInvis .   a - +0 war axe
rCold    . . .     Gourm    .   c - +0 shield
rNeg     . . .     Faith    .   b - +0 scale mail
rPois    .         Spirit   .   (helmet restricted)
rElec    .         Reflect  .   (no cloak)
rCorr    .         Harm     .   (no gloves)
MR       .....                  (no boots)
Stlth    ..........             (no amulet)
HPRegen  0.18/turn              (no ring)
MPRegen  0.09/turn              (no ring)

@: no status effects
A: retaliatory headbutt, horns 2
a: Recite, Vitalisation, Imprison, Donate Gold, Renounce Religion


You were on level 4 of the Dungeon.
You worshipped Zin.
Zin was most pleased with you.
You were not hungry.

You visited 1 branch of the dungeon, and saw 5 of its levels.

You collected 297 gold pieces.
You donated 29 gold pieces to Zin.

Inventory:

Hand Weapons
 a - a +0 war axe (weapon)
 d - a +0 trident of protection
 h - a +0 hunting sling
Missiles
 e - 24 poisoned needles
Armour
 b - a +0 scale mail (worn)
 c - a +0 shield (worn)
Scrolls
 g - a scroll of amnesia {unknown}
 n - a scroll of immolation {unknown}
 o - a scroll of remove curse {unknown}
 q - a scroll of noise {unknown}
 s - a scroll of magic mapping {unknown}
Potions
 i - a potion of invisibility {unknown}
 j - a potion of lignification {unknown}
 k - 2 potions of curing {unknown}
 l - a potion of heal wounds {unknown}
 m - a potion of mutation {unknown}
 p - a potion of haste
Comestibles
 f - 15 rations
 r - 2 chunks of flesh


   Skills:
 + Level 5.3 Fighting
 + Level 4.6 Axes
 + Level 5.4 Armour
 + Level 5.4 Shields


You had 5 spell levels left.
You didn't know any spells.
Your spell library was empty.

Dungeon Overview and Level Annotations

Branches:
Dungeon (5/15)
 Temple: D:4-7

Altars:
Ashenzari
Cheibriados
Sif Muna
Zin
The Shining One


Innate Abilities, Weirdness & Mutations

You reflexively headbutt those who attack you in melee.
You have a pair of horns on your head.


Message History

"...unfaithfulness they shall be!
Zin will strike down them again..." "...and again, and again!"
You finish reciting Ablutions 14:11.
You barely miss the ogre. You block the ogre's attack.
You closely miss the ogre. You headbutt the ogre.
The ogre is lightly wounded.
The ogre barely misses you.
You slash the ogre!
The ogre is severely wounded.
The ogre barely misses you.
You hit the ogre. Your headbutt misses the ogre.
The ogre is almost dead.
The ogre hits you with a +0 giant club! x2
You hit the ogre but do no damage. Your headbutt misses the ogre.
The ogre is almost dead.
You block the ogre's attack.
You hit the ogre.
The ogre is almost dead.
The ogre hits you with a +0 giant club!!
You die...

......## #..####.#.# #.# #.
.....#+...##........# #.# #.
....##..⌠..##.......# #.# #.
...##..⌠.⌠..# ....># #.# #.
.###..⌠._.⌠..###...# #.# #.
...##..⌠.⌠..##....##########.# #.
....##..⌠..##.....#..........# #.
.....##...##...(O.#.########## #.
......## ##.....@.#.....# #.
.......###........#.###.# #.
........#.........#...#.# #.
........#.........#.#.#.# #.
#######...........#÷#.#.########.
##..........#..............
#..#######.#...#.######### ####
.#.#...# #.#.###


You could see an ogre.

Vanquished Creatures
  Sigmund (D:2)
  A scorpion (D:4)
  A worker ant (D:4)
  4 gnolls (D:2)
  A howler monkey skeleton (D:4)
  3 adders
  3 worms
  A dart slug (D:2)
  3 leopard geckos
  4 orcs
  A ball python (D:1)
  3 bats
  2 giant cockroaches
  2 goblins (D:1)
  7 hobgoblins
  9 jackals
  3 quokkas (D:2)
  5 frilled lizards
  3 kobolds
  11 rats
68 creatures vanquished.

Notes
Turn   | Place    | Note
-------+----------+-------------------------------------------
     0 | D:1      | teukkam the Minotaur Fighter began the quest for the Orb.
     0 | D:1      | Reached XP level 1. HP: 19/19 MP: 0/0
   173 | D:1      | Reached XP level 2. HP: 23/27 MP: 1/1
   257 | D:2      | Noticed Sigmund
   277 | D:2      | Killed Sigmund
   277 | D:2      | Reached XP level 3. HP: 5/34 MP: 2/2
   277 | D:2      | Reached XP level 4. HP: 6/41 MP: 3/3
   277 | D:2      | Reached XP level 5. HP: 7/47 MP: 4/4
   586 | D:3      | Found a shattered altar of Ashenzari.
   631 | D:3      | Found a snail-covered altar of Cheibriados.
   780 | D:5      | Entered Level 5 of the Dungeon
   780 | D:5      | Noticed a sky beast
   809 | D:4      | Found a glowing silver altar of Zin.
   832 | D:4      | Became a worshipper of Zin the Law-Giver
   967 | D:2      | Reached * piety under Zin
   980 | D:2      | Found a deep blue altar of Sif Muna.
  1212 | D:2      | Reached skill level 5 in Fighting
  1212 | D:2      | Reached skill level 5 in Armour
  1212 | D:2      | Reached skill level 5 in Shields
  1490 | D:1      | Reached ** piety under Zin
  2239 | D:2      | Reached XP level 6. HP: 39/56 MP: 5/5
  2748 | D:4      | Reached *** piety under Zin
  2971 | D:4      | Found a glowing golden altar of the Shining One.
  2994 | D:4      | Slain by an ogre

Skill      XL: |  1  2  3  4  5 |
---------------+----------------+-----
Fighting       | 4 5 |  5.3
Armour         | 4 5 |  5.4
Shields        | 4 5 |  5.4
Axes           | 3 4 |  4.6

Action                   |  1- 3 |  4- 6 || total
-------------------------+-------+-------++-------
Melee: War axe           |    37 |   152 ||   189
       Headbutt          |     1 |    17 ||    18
Invok: Recite            |       |     1 ||     1
  Use: Potion            |     4 |       ||     4
       Scroll            |       |     1 ||     1
  Eat: Chunk             |       |     3 ||     3
       Ration            |       |     1 ||     1
Armor: Scale mail        |    17 |    58 ||    75
Dodge: Dodged            |    16 |    38 ||    54
Block: Shield            |    24 |    89 ||   113
